3A
BELLEVILLE BULLS @ CONNETQUOT CHIEFS
07/30/2029
 
TOP OF THE 1ST
Belleville Bulls batting - Pitching for Connetquot Chiefs : LHP Jamey Crockett
Pitching: LHP Jamey Crockett
Batting: LHB Seung-soo Ch'ae 0-0: Fly out, F8 (Line Drive, 8LD)
Batting: RHB Jon Hounshell 0-0: Ball
1-0: Ground out U3 (Groundball, 3)
Batting: RHB Alejandro Serrato 0-0: Ball
1-0: Called Strike
1-1: Ball
2-1: Ball
3-1: Swinging Strike
3-2: Foul Ball, location: 2F
3-2: Foul Ball, location: 2F
3-2: Strikes out swinging
Top of the 1st over - 0 runs, 0 hits, 0 errors, 0 left on base; Belleville 0 - Connetquot 0
BOTTOM OF THE 1ST
Connetquot Chiefs batting - Pitching for Belleville Bulls : RHP Martín García
Pitching: RHP Martín García
Batting: RHB Creed Bratton 0-0: Ball
1-0: Ball
2-0: Foul Ball, location: 2F
2-1: Ground out 3-1 (Groundball, 34)
Batting: RHB Jesús Jaramillo 0-0: Foul Ball, location: 2F
0-1: Called Strike
0-2: Ball
1-2: Ball
2-2: Foul Ball, location: 2F
2-2: Foul Ball, location: 2F
2-2: Ground out 6-3 (Groundball, 6)
Batting: RHB Dan Chrzan 0-0: Called Strike
0-1: Fly out, F8 (Flyball, 8LS)
Bottom of the 1st over - 0 runs, 0 hits, 0 errors, 0 left on base; Belleville 0 - Connetquot 0
TOP OF THE 2ND
Belleville Bulls batting - Pitching for Connetquot Chiefs : LHP Jamey Crockett
Batting: RHB Júlio Robles 0-0: Ball
1-0: Swinging Strike
1-1: Ball
2-1: Swinging Strike
2-2: Ball
3-2: Fly out, F9 (Flyball, 89S)
Batting: LHB Samuel Bartolomej 0-0: Ball
1-0: Called Strike
1-1: Ball
2-1: Ball
3-1: Base on Balls
Batting: RHB José Bumgarnor 0-0: Ball
1-0: Ball
2-0: Foul Ball, location: 2F
2-1: Grounds into double play, 4-6-3 (Groundball, 4)
Top of the 2nd over - 0 runs, 0 hits, 0 errors, 0 left on base; Belleville 0 - Connetquot 0
BOTTOM OF THE 2ND
Connetquot Chiefs batting - Pitching for Belleville Bulls : RHP Martín García
Batting: RHB Rob McGinnity 0-0: Ball
1-0: Ball
2-0: Called Strike
2-1: Ball
3-1: Base on Balls
Batting: RHB Peter Geib 0-0: Swinging Strike
0-1: Foul Ball, location: 2F
0-2: Grounds into double play, 4-6-3 (Groundball, 34)
Batting: LHB Brad Mosley 0-0: Ground out U3 (Groundball, 3)
Bottom of the 2nd over - 0 runs, 0 hits, 0 errors, 0 left on base; Belleville 0 - Connetquot 0
TOP OF THE 3RD
Belleville Bulls batting - Pitching for Connetquot Chiefs : LHP Jamey Crockett
Batting: LHB Alan Shaw 0-0: Called Strike
0-1: Ball
1-1: Ball
2-1: Ball
3-1: Fly out, F7 (Flyball, 7LS)
Batting: RHB Yang-joo Pak 0-0: Swinging Strike
0-1: Swinging Strike
0-2: Strikes out looking
Batting: LHB Don McGhee 0-0: Swinging Strike
0-1: Swinging Strike
0-2: Strikes out looking
Top of the 3rd over - 0 runs, 0 hits, 0 errors, 0 left on base; Belleville 0 - Connetquot 0
BOTTOM OF THE 3RD
Connetquot Chiefs batting - Pitching for Belleville Bulls : RHP Martín García
Batting: LHB Bum-ho Im 0-0: Ball
1-0: Called Strike
1-1: Fly out, F6 (Popup, 6)
Batting: SHB Robert Lovell 0-0: Ball
1-0: Ball
2-0: Ball
3-0: Called Strike
3-1: Base on Balls
Batting: RHB Steve Orwig 0-0: Ball
1-0: Called Strike
1-1: Ball
2-1: Foul Ball, location: 2F
2-2: Ball
3-2: Foul Ball, location: 2F
3-2: Fielders Choice at 2nd, 2-4 (Groundball, 2L)
Batting: RHB Creed Bratton 0-0: Ball
Wild Pitch!
Steve Orwig to second
1-0: Ball
2-0: Ground out 4-3 (Groundball, 34)
Bottom of the 3rd over - 0 runs, 0 hits, 0 errors, 1 left on base; Belleville 0 - Connetquot 0
TOP OF THE 4TH
Belleville Bulls batting - Pitching for Connetquot Chiefs : LHP Jamey Crockett
Batting: LHB Seung-soo Ch'ae 0-0: Called Strike
0-1: DOUBLE (Line Drive, 8RD)
Batting: RHB Jon Hounshell 0-0: Ball
1-0: Ball
2-0: Ball
3-0: Called Strike
3-1: Ground out 5-3 (Groundball, 5)
Batting: RHB Alejandro Serrato 0-0: Ball
1-0: Fly out, F9 (Flyball, 9D)
Runner from 2nd tags up, SAFE at 3rd, no throw
Batting: RHB Júlio Robles 0-0: Ball
1-0: Ball
2-0: Swinging Strike
2-1: Fly out, F8 (Flyball, 8LD)
Top of the 4th over - 0 runs, 1 hit, 0 errors, 1 left on base; Belleville 0 - Connetquot 0
BOTTOM OF THE 4TH
Connetquot Chiefs batting - Pitching for Belleville Bulls : RHP Martín García
Batting: RHB Jesús Jaramillo 0-0: Ground out U3 (Groundball, 34S)
Batting: RHB Dan Chrzan 0-0: SINGLE (Line Drive, 6MD)
Batting: RHB Rob McGinnity 0-0: Ball
1-0: Ball
2-0: Called Strike
2-1: Swinging Strike
2-2: Strikes out swinging
Batting: RHB Peter Geib 0-0: Foul Ball, location: 2F
0-1: Fly out, F8 (Flyball, 8RS)
Bottom of the 4th over - 0 runs, 1 hit, 0 errors, 1 left on base; Belleville 0 - Connetquot 0
TOP OF THE 5TH
Belleville Bulls batting - Pitching for Connetquot Chiefs : LHP Jamey Crockett
Batting: LHB Samuel Bartolomej 0-0: Foul Ball, location: 2F
0-1: Ball
1-1: Foul Ball, location: 2F
1-2: Ball
2-2: Foul Ball, location: 2F
2-2: Foul Ball, location: 2F
2-2: SINGLE (Line Drive, 6D)
Batting: RHB José Bumgarnor 0-0: Ball
1-0: Bunted foul
1-1: Sac Bunt - play at first, batter OUT! 1-4
Samuel Bartolomej to second
Batting: LHB Alan Shaw 0-0: Reached on error, E3 (Groundball, 3)
Samuel Bartolomej to third
Batting: RHB Yang-joo Pak 0-0: Ball
1-0: Ball
2-0: Called Strike
2-1: Grounds into double play, 6-4-3 (Groundball, 56)
Top of the 5th over - 0 runs, 1 hit, 1 error, 1 left on base; Belleville 0 - Connetquot 0
BOTTOM OF THE 5TH
Connetquot Chiefs batting - Pitching for Belleville Bulls : RHP Martín García
Batting: LHB Brad Mosley 0-0: Called Strike
0-1: Ball
1-1: Ball
2-1: Swinging Strike
2-2: Strikes out swinging
Pitching: RHP Octávio Moya
Batting: LHB Bum-ho Im 0-0: Foul Ball, location: 2F
0-1: Foul Ball, location: 2F
0-2: Ball
1-2: Ball
2-2: Strikes out looking
Batting: SHB Robert Lovell 0-0: Ball
1-0: Foul Ball, location: 2F
1-1: Foul Ball, location: 2F
1-2: Foul Ball, location: 2F
1-2: Strikes out swinging
Bottom of the 5th over - 0 runs, 0 hits, 0 errors, 0 left on base; Belleville 0 - Connetquot 0
TOP OF THE 6TH
Belleville Bulls batting - Pitching for Connetquot Chiefs : LHP Jamey Crockett
Batting: LHB Don McGhee 0-0: Ground out 4-3 (Groundball, 4)
Batting: LHB Seung-soo Ch'ae 0-0: Ball
1-0: Called Strike
1-1: Swinging Strike
1-2: Foul Ball, location: 2F
1-2: Ball
2-2: Foul Ball, location: 2F
2-2: Ball
3-2: Fly out, F7 (Flyball, 7S)
Batting: RHB Jon Hounshell 0-0: Ball
1-0: Ball
2-0: Ball
3-0: Base on Balls
Batting: RHB Alejandro Serrato 0-0: Ball
Jon Hounshell steals 2nd base
1-0: Ball
2-0: Ball
3-0: Called Strike
3-1: Swinging Strike
3-2: Strikes out looking
Top of the 6th over - 0 runs, 0 hits, 0 errors, 1 left on base; Belleville 0 - Connetquot 0
BOTTOM OF THE 6TH
Connetquot Chiefs batting - Pitching for Belleville Bulls : RHP Octávio Moya
Batting: RHB Steve Orwig 0-0: Called Strike
0-1: TRIPLE (Line Drive, 78XD)
Batting: RHB Creed Bratton 0-0: Foul Ball, location: 2F
0-1: Ball
1-1: Swinging Strike
1-2: Strikes out looking
Batting: RHB Jesús Jaramillo 0-0: Fly out, F8 (Flyball, 8RM)
Runner from 3rd tags up, SCORES, no throw
Batting: RHB Dan Chrzan 0-0: Called Strike
0-1: Swinging Strike
0-2: Strikes out looking
Bottom of the 6th over - 1 run, 1 hit, 0 errors, 0 left on base; Belleville 0 - Connetquot 1
TOP OF THE 7TH
Belleville Bulls batting - Pitching for Connetquot Chiefs : LHP Jamey Crockett
Batting: RHB Júlio Robles 0-0: SINGLE (Groundball, 6MD)
Batting: LHB Samuel Bartolomej 0-0: Ball
1-0: Ball
2-0: Called Strike
2-1: Foul Ball, location: 2F
2-2: SINGLE (Groundball, 56S) (infield hit)
Júlio Robles to second
Batting: RHB José Bumgarnor 0-0: Foul Ball, location: 2F
0-1: Bunt - Flyout! F2
Pinch Hitting: LHB Walt Lathon 0-0: Ball
1-0: Called Strike
1-1: Ball
2-1: Swinging Strike
Passed Ball!
Júlio Robles to third
Samuel Bartolomej to second
2-2: Hit by Pitch
Batting: RHB Yang-joo Pak 0-0: Swinging Strike
0-1: Ball
1-1: Fly out, F1 (Popup, 13)
Pinch Hitting: LHB Scot Willis 0-0: Ball
1-0: Ground out 3-1 (Groundball, 34)
Top of the 7th over - 0 runs, 2 hits, 0 errors, 3 left on base; Belleville 0 - Connetquot 1
BOTTOM OF THE 7TH
Connetquot Chiefs batting - Pitching for Belleville Bulls : RHP Octávio Moya
Now at 3B: Pancho Rodríguez
Now in LF: Walt Lathon
Batting: RHB Rob McGinnity 0-0: Swinging Strike
0-1: Foul Ball, location: 2F
0-2: Ground out 6-3 (Groundball, 6M)
Batting: RHB Peter Geib 0-0: Called Strike
0-1: Foul Ball, location: 2F
0-2: Ball
1-2: Strikes out looking
Batting: LHB Brad Mosley 0-0: Ball
1-0: Swinging Strike
1-1: Ball
2-1: Foul Ball, location: 2F
2-2: Strikes out looking
Bottom of the 7th over - 0 runs, 0 hits, 0 errors, 0 left on base; Belleville 0 - Connetquot 1
TOP OF THE 8TH
Belleville Bulls batting - Pitching for Connetquot Chiefs : LHP Jamey Crockett
Now in LF: Rafael Longoria
Batting: LHB Seung-soo Ch'ae 0-0: Ball
1-0: SINGLE (Line Drive, 8LS)
Batting: RHB Jon Hounshell Pickoff Throw to First - Out!
0-0: Ball
1-0: Ball
2-0: Called Strike
2-1: Foul Ball, location: 2F
2-2: Strikes out swinging
Batting: RHB Alejandro Serrato 0-0: Ball
1-0: Ball
2-0: Called Strike
2-1: Ball
3-1: Called Strike
3-2: Ground out 1-3 (Groundball, 13S)
Top of the 8th over - 0 runs, 1 hit, 0 errors, 0 left on base; Belleville 0 - Connetquot 1
BOTTOM OF THE 8TH
Connetquot Chiefs batting - Pitching for Belleville Bulls : RHP Octávio Moya
Batting: LHB Bum-ho Im 0-0: Ground out U3 (Groundball, 3)
Batting: SHB Robert Lovell 0-0: Foul Ball, location: 2F
0-1: Ball
1-1: Swinging Strike
1-2: Ball
2-2: Foul Ball, location: 2F
2-2: Foul Ball, location: 2F
2-2: Foul Ball, location: 2F
2-2: Ball
3-2: Base on Balls
Batting: RHB Steve Orwig 0-0: Swinging Strike
0-1: Called Strike
0-2: Strikes out swinging
Pinch Hitting: LHB Carlos Campos 0-0: Foul Ball, location: 2F
0-1: Swinging Strike
0-2: Strikes out swinging
Bottom of the 8th over - 0 runs, 0 hits, 0 errors, 1 left on base; Belleville 0 - Connetquot 1
TOP OF THE 9TH
Belleville Bulls batting - Pitching for Connetquot Chiefs : LHP Jamey Crockett
Now in CF: Cristián Ramírez
Batting: RHB Júlio Robles 0-0: Called Strike
0-1: Ball
1-1: SINGLE (Line Drive, 89M)
Pitching: LHP José Velasco
Batting: LHB Samuel Bartolomej 0-0: Ball
1-0: Swinging Strike
1-1: SINGLE (Line Drive, 6M)
Júlio Robles to second
Batting: RHB José Bumgarnor 0-0: Grounds into double play, 6-4-3 (Groundball, 6)
Júlio Robles to third
Batting: LHB Walt Lathon 0-0: Fly out, F3 (Line Drive, 3)
Top of the 9th over - 0 runs, 2 hits, 0 errors, 1 left on base; Belleville 0 - Connetquot 1
Tuesday, December 19th, 2017 - OOTP Baseball 18.8 Build 76